Map: Blueshift LE

Players

Lambo - Winner!

  • Race: Zerg Zerg
  • League: Grandmaster
  • Spawn Location: 1:00

lIlIlIlIIIll

  • Race: Protoss Protoss
  • League: Grandmaster
  • Spawn Location: 7:00

VOD

Have the link to the VOD?

Description

Time

  • Played on: Jan. 9, 2019, 10:48 a.m.
  • Length: 11:48
Show
View Real Time Build Order
Export as new Build Order

Lambo Zerg - Winner!

Build Orders: Hatch First, Swarm Host 

Get SALT Encoding   

  12  0:01  Drone  
  13  0:12  Overlord  
  13  0:18  Drone  
  14  0:31  Drone  
  15  0:44  Hatchery  
  15  0:48  Drone  
  15  0:52  Drone  
  15  0:56  Drone  
  17  1:01  Drone  
  18  1:13  Extractor  
  18  1:16  Spawning Pool  
  16  1:20  Drone  
  16  1:24  Drone  
  18  1:33  Drone  
  19  1:44  Drone  
  20  1:56  Drone  
  21  2:02  Overlord  
  21  2:03  Queen x2  
  21  2:04  Zergling x2  
  21  2:06  Zergling x2  
  27  2:13  Metabolic Boost  
  28  2:15  Drone  
  28  2:24  Drone  
  28  2:26  Drone  
  30  2:36  Hatchery  
  29  2:38  Drone  
  29  2:43  Drone x2  
  32  2:47  Overlord  
  32  2:50  Drone  
  32  2:57  Queen  
  34  3:01  Drone  
  35  3:10  Zergling x4  
  35  3:11  Zergling x2  
  38  3:13  Drone x2  
  38  3:15  Overlord  
  38  3:16  Drone  
  41  3:20  Overlord  
  41  3:23  Drone  
  42  3:30  Drone  
  41  3:37  Drone  
  41  3:40  Drone x2  
  43  3:42  Drone x2  
  43  3:45  Drone  
  46  3:51  Queen  
  48  3:58  Spore Crawler  
  48  4:00  Drone  
  48  4:01  Drone  
  48  4:02  Drone x3  
  50  4:07  Drone  
  50  4:09  Drone  
  52  4:10  Drone  
  52  4:12  Spore Crawler  
  52  4:15  Drone x2  
  54  4:17  Spore Crawler  
  54  4:19  Drone x2  
  54  4:22  Drone  
  56  4:26  Overlord  
  56  4:29  Drone x3  
  58  4:35  Drone x2  
  58  4:37  Queen  
  61  4:41  Overlord  
  61  4:43  Drone  
  62  4:47  Extractor x2  
  62  4:50  Drone  
  62  4:51  Roach Warren  
  62  4:52  Drone x2  
  62  4:54  Overlord  
  62  4:58  Drone x2  
  64  5:04  Overlord  
  64  5:06  Lair, Drone  
  64  5:07  Drone  
  66  5:08  Overlord  
  66  5:10  Drone  
  66  5:12  Drone  
  66  5:14  Drone x2  
  69  5:16  Overlord  
  69  5:26  Overlord  
  69  5:27  Overlord  
  69  5:32  Roach x7  
  69  5:35  Roach x2  
  87  5:39  Roach x2  
  91  5:43  Overlord  
  91  5:44  Overlord  
  91  5:45  Roach  
  91  5:49  Overlord  
  93  5:50  Overlord  
  93  5:51  Roach  
  93  5:55  Overlord  
  95  5:57  Drone x2  
  95  6:00  Drone x2  
  95  6:01  Extractor  
  95  6:02  Extractor, Evolution Chamber  
  95  6:03  Drone x3  
  98  6:06  Drone  
  99  6:12  Drone x2  
  99  6:16  Extractor  
  100  6:21  Overlord  
  100  6:26  Infestation Pit  
  99  6:35  Queen  
  99  6:36  Zerg Missile Weapons Level 1  
  99  6:44  Overlord  
  99  6:45  Glial Reconstitution  
  99  6:46  Roach x8  
  115  6:52  Overlord  
  115  7:12  Swarm Host  
  115  7:13  Swarm Host x7  
  139  7:20  Swarm Host  
  142  7:26  Overlord  
  142  7:28  Overlord  
  142  7:29  Hatchery  
  141  7:32  Overlord x2  
  141  7:33  Swarm Host  
  141  7:34  Swarm Host x2  
  150  7:41  Spine Crawler  
  150  7:42  Swarm Host x2, Spine Crawler  
  150  7:43  Spine Crawler  
  153  7:45  Swarm Host  
  153  7:49  Spine Crawler  
  163  7:51  Roach x4  
  163  7:55  Roach x2  
  167  8:02  Roach x5  
  177  8:07  Roach x3  
  176  8:17  Roach x3  
  171  8:21  Roach x2  
  171  8:25  Roach  
  173  8:36  Roach x2  
  173  8:37  Roach x2  
  173  8:41  Overlord  
  181  8:44  Overlord  
  181  8:46  Overlord, Swarm Host  
  184  8:52  Swarm Host x2  
  190  8:57  Overlord  
  190  9:01  Overlord  
  190  9:02  Overlord  
  190  9:04  Swarm Host x2  
  193  9:10  Swarm Host  
  193  9:16  Queen x2  
  198  9:24  Overlord  
  200  9:30  Overlord  
  200  9:49  Spore Crawler  
  200  9:52  Spore Crawler, Ravager  
  199  9:53  Spore Crawler, Ravager x2  
  199  9:54  Spore Crawler, Ravager  
  199  9:56  Spore Crawler, Ravager  
  199  9:57  Spore Crawler x2  
  199  9:58  Ravager x2  
  205  10:21  Roach x5  
  199  10:22  Overlord  
  196  10:29  Roach x2  
  196  10:35  Roach x12  
  199  10:37  Queen  
  199  10:40  Roach x2  
  183  10:47  Roach x2  
  180  10:55  Roach  
  173  11:01  Roach x3  
  172  11:09  Roach x7  
  180  11:13  Roach  
  178  11:18  Spire  
  178  11:19  Roach x2  
  178  11:22  Roach  
  167  11:28  Roach  
  167  11:29  Hatchery  
Show
View Real Time Build Order
Export as new Build Order

lIlIlIlIIIll Protoss 

Build Orders: 1 Gate Expand, Oracle Opening, Archon Immortal, Archon Drop 

Get SALT Encoding   

  12  0:00  Probe  
  13  0:12  Probe  
  14  0:17  Pylon  
  14  0:25  Probe  
  15  0:33  Probe  
  15  0:38  Gateway  
  15  0:42  Probe  
  17  0:50  Probe, Assimilator  
  18  0:58  Probe  
  19  1:07  Probe  
  21  1:27  Nexus  
  20  1:35  Cybernetics Core  
  20  1:39  Probe  
  21  1:45  Assimilator  
  21  1:51  Probe  
  22  1:54  Pylon  
  22  2:03  Probe, Adept  
  23  2:15  Probe  
  26  2:20  Stargate  
  26  2:27  Probe  
  26  2:30  Warp Gate  
  26  2:34  Adept  
  26  2:36  Probe  
  28  2:39  Probe  
  28  2:44  Probe  
  31  2:51  Probe  
  31  2:53  Probe  
  31  2:56  Oracle  
  33  3:02  Adept  
  33  3:04  Probe  
  36  3:10  Probe  
  40  3:16  Probe  
  41  3:22  Probe  
  42  3:28  Probe  
  44  3:34  Probe  
  44  3:40  Probe  
  45  3:43  Pylon  
  45  3:46  Probe  
  46  3:49  Pylon  
  46  3:53  Gateway  
  46  3:54  Assimilator  
  46  3:56  Assimilator  
  46  3:58  Robotics Facility  
  46  4:00  Oracle  
  46  4:01  Probe x2  
  50  4:13  Probe x2  
  53  4:17  Forge, Twilight Council  
  53  4:25  Probe x2  
  53  4:27  Pylon  
  55  4:37  Probe x2, Warp Prism  
  55  4:38  Stalker  
  59  4:41  Gateway x2  
  61  4:57  Templar Archives, Protoss Ground Weapons Level 1  
  61  5:13  Charge  
  61  5:16  Probe x2  
  61  5:21  Nexus  
  62  5:29  Zealot x2  
  62  5:30  Probe x2  
  62  5:34  Pylon  
  68  5:40  Pylon  
  68  5:41  Pylon  
  68  5:42  Probe  
  68  5:49  Pylon  
  68  5:55  High Templar x4  
  75  5:57  Probe x2  
  75  6:02  Archon  
  75  6:03  Archon  
  77  6:10  Gateway  
  77  6:12  Gateway x2  
  77  6:19  Gateway  
  77  6:21  Observer  
  78  6:34  Immortal  
  78  6:38  High Templar x2  
  78  6:39  Zealot x2  
  86  6:41  Probe x2  
  92  6:52  Probe  
  92  6:53  Probe  
  91  7:09  Zealot x5  
  91  7:14  High Templar x2  
  102  7:19  Archon x2  
  102  7:20  Zealot  
  108  7:23  Warp Prism  
  108  7:30  Zealot x4  
  114  7:45  Pylon  
  114  7:46  Pylon  
  114  7:48  Robotics Facility, Pylon  
  114  7:49  Pylon  
  114  8:09  Zealot x6  
  114  8:10  Zealot x2  
  109  8:20  Immortal  
  101  8:36  Immortal  
  95  8:46  High Templar x2  
  95  8:47  Zealot x6  
  111  8:51  Shield Battery  
  111  8:53  Shield Battery  
  111  8:54  Immortal  
  115  9:03  Archon  
  115  9:05  Protoss Ground Weapons Level 2  
  115  9:13  Zealot  
  115  9:14  Zealot x5  
  115  9:15  Oracle  
  115  9:16  Immortal  
  127  9:20  Probe x2  
  127  9:21  Assimilator  
  127  9:22  Assimilator  
  129  9:26  Immortal  
  129  9:30  Zealot x2  
  132  9:40  High Templar x2  
  132  9:41  Zealot x3  
  142  9:46  Archon  
  142  9:47  Immortal  
  142  9:58  Pylon  
  146  10:00  Pylon  
  146  10:01  Pylon  
  146  10:14  Immortal  
  148  10:20  Zealot x5  
  136  10:23  Zealot  
  93  10:38  Zealot x2  
  83  10:45  High Templar x4  
  83  10:46  Zealot x2  
  95  10:53  Archon x2  
  95  10:56  Immortal  
  85  11:06  Zealot x2  
  83  11:11  Zealot x2  
  76  11:27  Zealot  
  76  11:28  Zealot x2  
  69  11:37  Zealot x2  
Tags
 
Add a new tag
Caveats
  • Supply blocks, unpowered buildings, or Contaminate may cause inaccurate times.
  • Supply counts are checked every 10 seconds.